 Dungeon Crawl Stone Soup version 0.25-a0-246-g58704a1ebd (webtiles) character file.

Game seed: 11835692273910751846, levelgen mode: classic

1499 Borgoz the Cutter (level 9, -1/59 HPs)
             Began as a Halfling Fighter on Dec 4, 2019.
             Was a Follower of Okawaru.
             Slain by a cyclops (24 damage)
             ... on level 7 of the Dungeon.
             The game lasted 00:09:19 (6262 turns).

Borgoz the Cutter (Halfling Fighter)                Turns: 6262, Time: 00:09:20

Health: -1/59      AC: 16    Str: 25    XL:     9   Next: 8%
Magic:  10/10      EV:  8    Int:  6    God:    Okawaru [*.....]
Gold:   90         SH: 11    Dex: 14    Spells: 8/8 levels left

rFire    . . .     SeeInvis .   a - +0 rapier
rCold    . . .     Gourm    +   c - +0 shield
rNeg     . . .     Faith    .   n - +4 chain mail {MR+}
rPois    .         Spirit   .   (no helmet)
rElec    .         Reflect  .   (no cloak)
rCorr    .         Harm     .   (no gloves)
MR       +....                  k - +0 pair of boots
Stlth    ..........             o - amulet of the gourmand
HPRegen  0.19/turn              (no ring)
MPRegen  0.12/turn              (no ring)

@: mighty, lethally poisoned (-1 -> -1)
A: small, mutation resistance 1
a: Heroism, Renounce Religion


You were on level 7 of the Dungeon.
You worshipped Okawaru.
Okawaru was aware of your devotion.
You were very full.

You visited 2 branches of the dungeon, and saw 8 of its levels.

You collected 268 gold pieces.
You spent 178 gold pieces at shops.

Inventory:

Hand Weapons
 a - a +0 rapier (weapon)
 e - a +0 rapier
Armour
 c - a +0 shield (worn)
 k - a +0 pair of boots (worn)
 n - a +4 chain mail of magic resistance (worn)
Jewellery
 o - an amulet of the gourmand (around neck)
Wands
 u - a wand of iceblast (7)
Scrolls
 b - a scroll of enchant weapon
 h - 7 scrolls of remove curse
 j - 4 scrolls of teleportation
 p - 3 scrolls of identify
 s - 2 scrolls of amnesia
Potions
 g - a potion of resistance
 l - 6 potions of curing
 m - a potion of haste
 t - a potion of mutation
Comestibles
 f - 7 rations
 q - 3 chunks of flesh


   Skills:
 + Level 4.7 Fighting
 * Level 7.5 Short Blades
 * Level 7.3 Armour
 + Level 5.6 Shields
 + Level 2.4 Invocations


You had 8 spell levels left.
You didn't know any spells.
Your spell library was empty.

Dungeon Overview and Level Annotations

Branches:
Dungeon (7/15)             Temple (1/1) D:5

Altars:
Ashenzari
Cheibriados
Dithmenos
Elyvilon
Fedhas
Gozag
Hepliaklqana
Kikubaaqudgha
Makhleb
Nemelex Xobeh
Okawaru
Qazlal
Ru
Sif Muna
Trog
Uskayaw
Vehumet
Wu Jian
Xom
Yredelemnul
Zin
The Shining One

Shops:
D:5 ?   D:6 ?


Innate Abilities, Weirdness & Mutations

You are small and have problems with some larger weapons.
You are somewhat resistant to further mutation.


Message History

Your experience leads to an increase in your attributes!
Your base attributes are Str 19, Int 6, Dex 14.
Increase (S)trength, (I)ntelligence, or (D)exterity?
You feel stronger.
You puncture the orc!
You kill the orc!
Okawaru accepts your kill.
You feel sick.
You puncture the phantom!
The phantom is moderately damaged.
The phantom barely misses you.
You puncture the phantom!
The phantom is severely damaged.
The phantom barely misses you.
You miss the phantom.
The phantom is severely damaged.
The crimson imp shouts, "Quail, thou obnoxious rude-growing gnoll-tail!"
The crimson imp blinks!
The phantom blinks!
You feel sick. The cyclops hits you!!
You die...

##### ###### ##...#
######.≈..####..#.#####
......≈≈P.......#.....#
......♣≈≈###...#W#
...>...≈♣##....#@#
.......P....#.##C##
##.....#####..#.#l#
#..##.# ...##5..#
#..##.###...#.#5#.#
#.###......##.....#
##.####..#..#[#$#5#(#
..<........##. TC...#
##.##......#.# #.#.#.#


You could see a cyclops, a phantom, an iguana and a crimson imp.

Vanquished Creatures
  A troll (D:7)
  An ice beast (D:5)
  2 ogres (D:4)
  A bullfrog (D:6)
  A killer bee (D:7)
  5 wights (D:6)
  A howler monkey (D:5)
  A crimson imp (D:7)
  3 hounds
  A jelly (D:6)
  2 orc wizards (D:5)
  Terence (D:2)
  3 iguanas
  5 worker ants
  A killer bee zombie (D:7)
  4 gnolls
  9 adders
  2 oozes
  2 worms
  2 dart slugs
  4 leopard geckos
  7 orcs
  2 ball pythons
  6 giant cockroaches
  9 goblins
  7 hobgoblins
  2 quokkas
  7 bats
  5 frilled lizards
  A jackal skeleton (D:7)
  9 kobolds
  A leopard gecko skeleton (D:4)
  5 rats
113 creatures vanquished.

Notes
Turn   | Place    | Note
-------+----------+-------------------------------------------
     0 | D:1      | Borgoz the Halfling Fighter began the quest for the Orb.
     0 | D:1      | Reached XP level 1. HP: 15/15 MP: 1/1
   197 | D:1      | Reached XP level 2. HP: 20/20 MP: 2/2
   689 | D:1      | Reached XP level 3. HP: 17/25 MP: 3/3
   982 | D:1      | Reached XP level 4. HP: 29/31 MP: 4/4
  1118 | D:2      | Noticed Terence
  1141 | D:2      | Killed Terence
  1222 | D:2      | Found a faded altar of an unknown god.
  1399 | D:2      | Reached XP level 5. HP: 36/36 MP: 5/5
  1663 | D:2      | Found a bloodstained altar of Trog.
  2697 | D:4      | Reached XP level 6. HP: 35/42 MP: 6/6
  2944 | D:4      | Noticed an ogre
  2944 | D:4      | Noticed an ogre
  2961 | D:4      | Killed an ogre
  2961 | D:4      | Reached skill level 5 in Armour
  2965 | D:4      | Killed an ogre
  2965 | D:4      | Reached skill level 5 in Short Blades
  2965 | D:4      | Reached XP level 7. HP: 14/47 MP: 7/7
  3471 | D:5      | Entered Level 5 of the Dungeon
  3844 | D:5      | Found a staircase to the Ecumenical Temple.
  3864 | Temple   | Entered the Ecumenical Temple
  3904 | Temple   | Became a worshipper of Warmaster Okawaru
  4328 | D:5      | Found Woupp's Magic Scroll Shoppe.
  4331 | D:5      | Bought a scroll of teleportation for 42 gold pieces
  4331 | D:5      | Bought a scroll of identify for 28 gold pieces
  4331 | D:5      | Bought a scroll of identify for 28 gold pieces
  4331 | D:5      | Bought a scroll of identify for 28 gold pieces
  4918 | D:5      | Reached XP level 8. HP: 49/54 MP: 8/8
  5305 | D:6      | Reached skill level 5 in Shields
  5315 | D:6      | Reached skill level 1 in Invocations
  5421 | D:6      | Found Fiuretie's Magic Scroll Shoppe.
  5424 | D:6      | Bought a scroll of identify for 26 gold pieces
  5424 | D:6      | Bought a scroll of identify for 26 gold pieces
  5816 | D:6      | Reached * piety under Okawaru
  6216 | D:7      | Noticed a troll
  6225 | D:7      | Noticed a cyclops
  6230 | D:7      | Noticed a hippogriff
  6257 | D:7      | Killed a troll
  6257 | D:7      | Reached XP level 9. HP: 24/59 MP: 10/10
  6262 | D:7      | Slain by a cyclops

Levels and vault maps discovered:
D:1:      roderic_octagonal_star, layout_basic, st_stairs_10
D:2:      layout_basic, lightli_temple_of_fire,
          chequers_ecumenical_altar_simple_redux, uniq_terence
D:3:      layout_basic, first_ration, kennysheep_generic_room_3
D:4:      layout_loops_ring
D:5:      layout_cave_pods, temple_green, serial_shops, kennysheep_mini,
          chequers_avenue, serial_bayou_pond_d, kennysheep_generic_room_11
D:6:      layout_loops_ring, serial_shops, nicolae_shop_behind_doors
D:7:      minmay_the_grid_four_pointed_star
          [minmay_the_grid_triangle_9x9_sparse_checkered,
          minmay_the_grid_triangle_9x9_from_above,
          minmay_the_grid_triangle_9x9_tough_junction,
          minmay_the_grid_triangle_9x9_minimal,
          minmay_the_grid_prize_trominoes], layout_rooms, serial_bayou,
          serial_bayou_pond_c, serial_bayou_pond_e, serial_bayou_crossing,
          serial_bayou_lagoon_a, serial_bayou_pond_c, uniq_joseph
Temple:   nicolae_temple_the_god_donut

Skill      XL: |  1  2  3  4  5  6  7  8 |
---------------+-------------------------+-----
Short Blades   | 3 4 5 6 7 |  7.5
Fighting       | 3 4 |  4.7
Armour         | 4 5 6 7 |  7.3
Shields        | 4 5 |  5.6
Invocations    | 2 |  2.4

Action                   |  1- 3 |  4- 6 |  7- 9 || total
-------------------------+-------+-------+-------++-------
Melee: Rapier            |   103 |   146 |   401 ||   650
  Use: Scroll            |       |     1 |     7 ||     8
       Potion            |       |     1 |     6 ||     7
 Stab: Invisible         |       |       |     3 ||     3
  Eat: Chunk             |       |    18 |    11 ||    29
Armor: Scale mail        |    45 |    41 |       ||    86
       Chain mail        |       |     3 |   228 ||   231
Dodge: Dodged            |    45 |    43 |   123 ||   211
Block: Shield            |    58 |    76 |   232 ||   366

Table legend:
 A = Non-vault XP
 B = Vault XP
 C = Vault XP percentage of total XP
 D = Non-vault monster count
 E = Vault monster count
 F = Vault count percentage of total count
                 A         B        C        D         E       F
            +---------+---------+-------+---------+---------+-------
      Total |    1730 |     412 |  19.2 |     104 |       9 |   8.0
            +---------+---------+-------+---------+---------+-------
        D:1 |      67 |       5 |   6.9 |      27 |       3 |  10.0
        D:2 |      51 |      36 |  41.4 |      18 |       1 |   5.3
        D:3 |      28 |       3 |   9.7 |       7 |       1 |  12.5
        D:4 |     388 |       0 |   0.0 |      12 |       0 |   0.0
        D:5 |     435 |       0 |   0.0 |      16 |       0 |   0.0
        D:6 |     665 |       0 |   0.0 |      19 |       0 |   0.0
        D:7 |      96 |     368 |  79.3 |       5 |       4 |  44.4
            +---------+---------+-------+---------+---------+-------
